 Dungeon Crawl Stone Soup version 0.16.1-16-gc44b35d (webtiles) character file.

129 EvilTwin the Conjurer (level 4, -5/34 HPs)
             Began as a Draconian Conjurer on Apr 18, 2015.
             Slain by Cheezewheel's ghost (15 damage)
             ... on level 3 of the Dungeon.
             The game lasted 00:12:17 (2607 turns).

EvilTwin the Conjurer (Draconian Conjurer)          Turns: 2607, Time: 00:12:17

Health: -5/34      AC:  5    Str: 10    XL:     4   Next: 88%
Magic:  8/9        EV: 12    Int: 17    God:
Gold:   114        SH:  0    Dex: 11    Spells: 3 memorised, 3 levels left

rFire  . . .     SeeInvis .     n - +2 whip (freeze)
rCold  . . .     Clarity  .     (armour unavailable)
rNeg   . . .     SustAb   .     (no shield)
rPois  .         Gourm    .     (helmet restricted)
rElec  .         Spirit   .     (no cloak)
rCorr  .         Warding  .     (no gloves)
rMut   .         Stasis   .     (no boots)
MR     .....                    (no amulet)
Stlth  +.........               (no ring)
                                (no ring)

@: glowing, not resistant to hostile enchantments, very unstealthy
A: unfitting armour, slow healing 1, wild magic 1, cold-blooded, AC +5
a: no special abilities


You were on level 3 of the Dungeon.
You were hungry.

You visited 1 branch of the dungeon, and saw 3 of its levels.

You collected 114 gold pieces.

Inventory:

Hand weapons
 j - a +2 flail of protection
 k - a +0 hand axe
 n - a +2 whip of freezing (weapon)
Armour
 m - a +0 cloak
Scrolls
 d - 2 scrolls of remove curse {unknown}
 e - a scroll of teleportation {unknown}
 h - 3 scrolls of identify {unknown}
Potions
 a - a potion of poison {unknown}
 f - a potion of brilliance
 g - a potion of heal wounds {unknown}
 i - a potion of curing
 l - a potion of invisibility
Books
 c - a book of Conjurations

   Spells                             Type                      Level
   a - Magic Dart                     Conjuration                  1
   b - Searing Ray                    Conjuration                  2
   c - Dazzling Spray                 Conjuration/Hexes            3
   d - Fulminant Prism                Conjuration/Hexes            4
   e - Iskenderun's Mystic Blast      Conjuration                  4
   f - Iskenderun's Battlesphere      Conjuration/Charms           5
Comestibles
 b - 4 bread rations


   Skills:
 + Level 0.7 Fighting
 - Level 0.2(0.4) Axes
 * Level 0.6 Maces & Flails
 + Level 2.5 Dodging
 + Level 2.3 Stealth
 + Level 3.0 Spellcasting
 + Level 4.7 Conjurations


You had 3 spell levels left.
You knew the following spells:

 Your Spells              Type           Power        Failure   Level  Hunger
a - Magic Dart            Conj           ####         7%          1    None
b - Searing Ray           Conj           ####..       9%          2    ##.....
c - Dazzling Spray        Conj/Hex       ###.....     34%         3    ###....


Dungeon Overview and Level Annotations

Branches:
Dungeon (3/15)

Altars:
Ru

Annotations:
D:3 Cheezewheel's ghost, weakling SpEn


Innate Abilities, Weirdness & Mutations

Your plain brown scales are hard (AC +5).
Your body does not fit into most forms of armour.
Your cold-blooded metabolism reacts poorly to cold.
You heal slowly when monsters are visible.
Your spells are a little harder to cast, but a little more powerful.


Message History

Cheezewheel's ghost hits you.
You hit Cheezewheel's ghost. You freeze Cheezewheel's ghost.
Cheezewheel's ghost is heavily damaged.
Cheezewheel's ghost hits you but does no damage.
You are electrocuted!
Ouch! That really hurt!
* * * LOW HITPOINT WARNING * * *
You miss Cheezewheel's ghost.
Cheezewheel's ghost is heavily damaged.
Cheezewheel's ghost barely misses you.
Casting: Magic Dart
Confirm with . or Enter, or press ? or * to list all spells.
Aiming: Magic Dart
Press: ? - help, Shift-Dir - straight line, f - Cheezewheel's ghost
Aim: Cheezewheel's ghost, wielding a weapon of electrocution (heavily damaged)
The magic dart hits Cheezewheel's ghost.
Cheezewheel's ghost is almost destroyed.
Cheezewheel's ghost hits you but does no damage.
You are electrocuted!
You die...

....##........#.##
#.#.##.#..........
#.#.##............
#..........######.
#......##..#
##..#####..#
#..#####....
#.####W..<....####
#....@..#######
#########


You could see Cheezewheel's ghost.

Vanquished Creatures
  3 adders (D:2)
  6 gnolls
  A worm (D:2)
  2 giant geckos
  An ooze (D:1)
  A bat (D:1)
  4 giant cockroaches
  8 goblins
  2 hobgoblins (D:1)
  3 kobolds
  A ball python (D:2)
  3 giant newts (D:1)
  6 rats
41 creatures vanquished.

Notes
Turn   | Place    | Note
--------------------------------------------------------------
     0 | D:1      | EvilTwin, the Draconian Conjurer, began the quest for the Orb.
     0 | D:1      | Reached XP level 1. HP: 14/14 MP: 3/3
     6 | D:1      | Noticed a black mamba
   564 | D:1      | Reached XP level 2. HP: 17/20 MP: 0/4
  1186 | D:2      | Reached XP level 3. HP: 12/27 MP: 0/6
  1390 | D:1      | Learned a level 2 spell: Searing Ray
  1394 | D:1      | Learned a level 3 spell: Dazzling Spray
  1398 | D:1      | Gained mutation: You have a pair of small antennae on your head. [potion of mutation]
  1398 | D:1      | Gained mutation: You heal slowly when monsters are visible. [potion of mutation]
  1398 | D:1      | Gained mutation: Your spells are a little harder to cast, but a little more powerful. [potion of mutation]
  1400 | D:1      | Lost mutation: You have a pair of small antennae on your head. [potion of cure mutation]
  2103 | D:1      | Reached XP level 4. HP: 31/34 MP: 0/8
  2453 | D:2      | Found a sacrificial altar of Ru.
  2496 | D:3      | Noticed Cheezewheel's ghost (weakling SpEn)
  2607 | D:3      | Slain by Cheezewheel's ghost

Action                   |  1- 3 |  4- 6 || total
-------------------------+-------+-------++-------
Melee: Unarmed           |     6 |       ||     6
       Hand axe          |    14 |       ||    14
       Flail             |     6 |    13 ||    19
       Whip              |       |    13 ||    13
 Cast: Magic Dart        |    61 |    15 ||    76
       Searing Ray       |     7 |     3 ||    10
  Use: Potion            |     7 |       ||     7
 Stab: Sleeping          |     2 |       ||     2
  Eat: Royal jelly       |     1 |       ||     1
       Beef jerky        |     2 |     1 ||     3
